 Dungeon Crawl Stone Soup version 0.23.1 (webtiles) character file.

Game seed: 0

115287 glosham the Eclecticist (level 17, -13/122 HPs)
             Began as a Formicid Fire Elementalist on Mar 10, 2019.
             Was a High Priest of Cheibriados.
             Hit by a large rock thrown by a stone giant (36 damage)
             ... on level 2 of the Orcish Mines on Mar 12, 2019.
             The game lasted 08:14:46 (17304 turns).

glosham the Eclecticist (FoFE)                     Turns: 17304, Time: 08:14:47

Health: -13/122    AC:  7    Str: 31    XL:     17   Next: 23%
Magic:  7/37       EV: 21    Int: 38    God:    Cheibriados [*****.]
Gold:   693        SH: 21    Dex: 24    Spells: 24/48 levels left

rFire    . . .     SeeInvis +   a - +3 morningstar of the Valley {drain, Str+5 Stlth+}
rCold    . . .     Gourm    .   Z - +0 large shield
rNeg     . . .     Faith    .   X - +2 robe {Archmagi}
rPois    .         Spirit   .   (helmet unavailable)
rElec    .         Reflect  .   Y - scarf {cloud immunity}
rCorr    .         Harm     .   V - +0 pair of gloves
MR       +....                  W - +1 pair of boots
Stlth    ++++......             z - amulet of magic regeneration
HPRegen  0.30/turn              A - +1 ring of evasion
MPRegen  0.50/turn              B - +3 ring of intelligence

@: very slow
A: permanent stasis, dig shafts and tunnels, four strong arms, antennae 3
a: Dig, Shaft Self, Bend Time, Temporal Distortion, Slouch, Step From Time,
Renounce Religion


You were on level 2 of the Orcish Mines.
You worshipped Cheibriados.
Cheibriados was extremely pleased with you.
You were not hungry.

You visited 4 branches of the dungeon, and saw 24 of its levels.
You also visited: Volcano.

You collected 2061 gold pieces.
You spent 1368 gold pieces at shops.

Inventory:

Hand Weapons
 a - the +3 morningstar of the Valley (weapon) {drain, Str+5 Stlth+}
   (You bought it in a shop on level 6 of the Dungeon)

   A truly terrible weapon, it drains the life of those it strikes.
   It affects your strength (+5).
   It makes you more stealthy.
 b - a +2 arbalest of flaming
Missiles
 c - 177 bolts
 d - 436 arrows
Armour
 D - a +2 robe of resistance
 E - a scarf of resistance
 M - a +2 robe of magic resistance
 R - a +0 troll leather armour
 S - the +6 chain mail of the Echidna {rCorr}
   (You found it on level 2 of the Lair of Beasts)

   It provides partial protection from all sources of acid and corrosion.
 V - a +0 pair of gloves (worn)
 W - a +1 pair of boots (worn)
 X - a +2 robe of the Archmagi (worn)
 Y - a scarf of cloud immunity (worn)
 Z - a +0 large shield (worn)
Jewellery
 z - an amulet of magic regeneration (around neck)
 A - a +1 ring of evasion (left hand)
 B - a +3 ring of intelligence (right hand)
 C - an uncursed ring of protection from cold
 H - a +6 amulet of reflection
 P - an uncursed ring of poison resistance
Wands
 g - a wand of flame (7)
 h - a wand of clouds (7)
 i - a wand of paralysis (15)
 I - a wand of polymorph (11)
Scrolls
 k - a scroll of silence {!r}
 l - 3 scrolls of immolation
 m - a scroll of fog
 n - 2 scrolls of fear
 o - 7 scrolls of remove curse
 p - 7 scrolls of identify
 q - 2 scrolls of magic mapping
 t - 4 scrolls of enchant weapon
 G - a scroll of torment {!r}
Potions
 r - 9 potions of curing
 s - 10 potions of heal wounds
 u - 2 potions of resistance
 v - 2 potions of invisibility
 w - 2 potions of brilliance
 x - 5 potions of agility
 y - 2 potions of might
 F - 6 potions of flight
 O - a potion of lignification
Miscellaneous
 f - a lightning rod (4/4)
 j - a phial of floods
Comestibles
 e - 60 rations
 J - a chunk of flesh


   Skills:
 - Level 7.7 Fighting
 - Level 9.2 Dodging
 - Level 4.3 Stealth
 * Level 11.6 Shields
 - Level 16.0 Spellcasting
 - Level 10.1 Conjurations
 - Level 7.0 Necromancy
 - Level 2.8 Translocations
 - Level 11.2 Fire Magic
 - Level 10.9 Invocations
 - Level 2.8 Evocations


You had 24 spell levels left.
You knew the following spells:

 Your Spells              Type           Power        Failure   Level  Hunger
a - Apportation           Tloc           ######       1%          1    None
f - Conjure Flame         Conj/Fire      ########     1%          3    None
m - Sublimation of Blood  Necr           #######...   1%          2    None
q - Shock                 Conj/Air       ####         1%          1    None
w - Fireball              Conj/Fire      ########..   1%          5    None
x - Flame Tongue          Conj/Fire      #####        1%          1    None
z - Sticky Flame          Conj/Fire      ########     1%          4    None
M - Mephitic Cloud        Conj/Pois/Air  ######..     1%          3    None
Z - Animate Dead          Necr           N/A          1%          4    None

Your spell library contained the following spells:

 Spells                   Type           Power        Failure   Level  Hunger
 Animate Skeleton         Necr           N/A          1%          1    None
 Pain                     Necr           ####         1%          1    None
 Throw Flame              Conj/Fire      ######       1%          2    None
 Ignite Poison            Fire/Tmut/Pois ######..     1%          3    None
 Inner Flame              Hex/Fire       #######.     1%          3    None
 Static Discharge         Conj/Air       #######.     1%          3    None
 Beastly Appendage        Tmut           #####.       2%          1    None
 Summon Butterflies       Summ           #####...     2%          1    None
 Lesser Beckoning         Tloc           ######....   2%          3    None
 Poisonous Vapours        Pois/Air       #####.       3%          2    None
 Sticks to Snakes         Tmut           #####...     3%          2    None
 Swiftness                Chrm/Air       #####...     3%          2    None
 Call Canine Familiar     Summ           #####...     7%          3    None
 Spider Form              Tmut/Pois      #####.....   7%          3    None
 Tukima's Dance           Hex            #####...     7%          3    None
 Irradiate                Conj/Tmut      #######...   8%          5    None
 Lightning Bolt           Conj/Air       #######...   8%          5    None
 Death Channel            Necr           #######...   19%         6    None
 Airstrike                Air            #####.....   22%         4    None
 Cause Fear               Hex            #####.....   22%         4    None
 Ice Form                 Ice/Tmut       #####...     22%         4    None
 Leda's Liquefaction      Hex/Erth       #####.....   22%         4    None
 Petrify                  Tmut/Erth      #####...     22%         4    None
 Summon Ice Beast         Ice/Summ       #####...     22%         4    None
 Alistair's Intoxication  Tmut/Pois      #####...     52%         5    None
 Blade Hands              Tmut           #####.....   52%         5    None
 Summon Mana Viper        Hex/Summ       #####...     52%         5    None
 Yara's Violent Unravell  Hex/Tmut       #####.....   52%         5    None
 Freezing Cloud           Conj/Ice/Air   ######....   65%         6    None
 Ring of Flames           Chrm/Fire      #######...   88%         7    ###....
 Invisibility             Hex            #####...     98%         6    None
 Malign Gateway           Summ/Tloc      ######....   100%        7    ###....
 Monstrous Menagerie      Summ           #####.....   100%        7    ###....
 Summon Greater Demon     Summ           #####.....   100%        7    ###....
 Summon Hydra             Summ           #####.....   100%        7    ###....
 Summon Horrible Things   Summ           #####.....   100%        8    #####..


Dungeon Overview and Level Annotations

Branches:
Dungeon (15/15)            Temple (1/1) D:6            Lair (6/6) D:9
 Shoals (0/4) Lair:3        Snake (0/4) Lair:4        Slime (0/5) Lair:5
    Orc (2/2) D:9          Vaults (0/5) D:13         Depths (0/5) D:15
    Elf: Orc:2

Altars:
Ashenzari
Cheibriados
Dithmenos
Elyvilon
Fedhas
Gozag
Hepliaklqana
Kikubaaqudgha
Makhleb
Nemelex Xobeh
Okawaru
Qazlal
Ru
Sif Muna
Trog
Uskayaw
Vehumet
Wu Jian
Xom
Yredelemnul
Zin
The Shining One
Jiyva

Shops:
D:6 [}(*=   D:7 %   D:8 }   D:12 %}[?[   D:15 (   Orc:1 [


Innate Abilities, Weirdness & Mutations

You cannot be hasted, slowed, berserked, paralysed or teleported.
You can dig through walls and to a lower floor.
Your four strong arms can wield two-handed weapons with a shield.
You have a pair of large antennae on your head. (SInv)


Message History

You feel a surge of power!
The fireball explodes!
The fireball engulfs the orc priest!!
You kill the orc priest!
Cheibriados appreciates the change of pace.
You hear a shout!
A stone giant comes into view.
Unknown command.
Casting: Fireball (safe; 1% risk of failure)
Confirm with . or Enter, or press ? or * to list all spells.
Aiming: Fireball (safe; 1% risk of failure)
Press: ? - help, Shift-Dir - straight line You feel a surge of power!
The fireball explodes!
The fireball engulfs the stone giant!!
The stone giant is heavily wounded.
The stone giant throws a large rock.
You block the large rock.
Casting: Fireball (safe; 1% risk of failure)
Confirm with . or Enter, or press ? or * to list all spells.
Aiming: Fireball (safe; 1% risk of failure)
Press: ? - help, Shift-Dir - straight line You feel a surge of power!
The fireball explodes!
The fireball engulfs the stone giant!!
The stone giant is severely wounded.
The orc barely misses you.
The stone giant throws a large rock.
You block the large rock. The ogre completely misses you.
A cyclops comes into view.
An orc comes into view. It is wielding a +0 falchion.
Casting: Fireball (safe; 1% risk of failure)
Confirm with . or Enter, or press ? or * to list all spells.
Aiming: Fireball (safe; 1% risk of failure)
Press: ? - help, Shift-Dir - straight line You feel a surge of power!
The fireball explodes!
The fireball engulfs the stone giant!!
The stone giant is almost dead.
The stone giant throws a large rock.
The large rock hits you!!!
* * * LOW HITPOINT WARNING * * *
You block the orc's attack.
An orc warrior comes into view. It is wielding a +0 battleaxe.
The ogre misses you.
The stone giant throws a large rock.
The large rock hits you!!!
You die...

...........###
.............###
.oo.............
..)...†.... ....
.CC....)).#.....
....(.)...#.....
..)))......#....
...))).)........
.....##o@O....#
... #.(..##.## .
##.### ###


You could see a stone giant, a cyclops, an orc warrior, an ogre and 2 orcs.

Vanquished Creatures
  Jorgrun (D:12)
  Kirke (Lair:5)
  An orc warlord (Orc:2)
  2 fire dragons
  The ghost of theswoord the Carver, a journeyman NaBe of Trog (D:11)
  Harold (D:7)
  4 vault guards (D:13)
  A rakshasa (D:13)
  The ghost of Kairos the Cleaver, a journeyman VSFi of Uskayaw (D:10)
  12 hydras
  Erica (Orc:1)
  5 centaur warriors
  3 death yaks (Lair:5)
  10 two-headed ogres
  A vampire mage (D:15)
  2 tengu warriors (D:14)
  A death knight (D:14)
  A hell hog (Volcano)
  Urug (Lair:4)
  A fire crab (Volcano)
  3 unseen horrors
  A spark wasp zombie (D:15)
  7 skeletal warriors
  2 wizards
  A swamp dragon (Lair:6)
  A wolf spider zombie (D:14)
  A lindwurm (Lair:5)
  2 orc knights
  6 ugly things
  A necromancer (D:15)
  A stone giant zombie (D:15)
  A phantasmal warrior (D:14)
  4 oklob plants (Lair:5)
  A deep elf mage (D:9)
  A salamander (shapeshifter) (D:11)
  Maurice (D:8)
  5 elephants
  6 cyclopes
  4 manticores
  A merfolk siren (Lair:3)
  7 black mambas
  Psyche (D:8)
  3 torpor snails
  A guardian serpent (Lair:4)
  5 centaur skeletons
  3 kobold demonologists
  11 spiny frogs
  A yaktaur zombie (D:15)
  A freezing wraith (D:14)
  13 komodo dragons
  3 tengu conjurers (D:14)
  A merfolk (Lair:3)
  4 hornets
  9 trolls
  10 polar bears (Lair:6)
  4 slime creatures (D:13)
  24 blink frogs
  Grinder (D:3)
  11 hippogriffs
  3 raiju (Lair:6)
  A deep troll skeleton (D:15)
  A vampire (D:12)
  3 wraiths
  A wyvern (Lair:5)
  A shadow (D:13)
  2 hogs (Lair:5)
  2 fire bats (Volcano)
  A basilisk (Lair:6)
  48 yaks
  7 vampire mosquitoes
  6 hungry ghosts
  5 wargs
  Menkaure (D:7)
  3 steam dragons
  3 acid dragons (Lair:6)
  12 hell hounds
  7 porcupines
  3 swamp drakes (Lair:6)
  13 water moccasins
  An ice beast (D:15)
  5 sky beasts
  14 orc warriors
  14 black bears
  A hornet zombie (D:14)
  4 phantoms
  3 eyes of draining
  A necrophage (D:15)
  4 boggarts (D:15)
  15 wolves
  8 ogres
  15 crocodiles
  9 centaurs
  3 big kobolds
  19 bullfrogs
  A wyvern zombie (D:8)
  4 earth elementals
  A wyvern skeleton (D:14)
  6 scorpions
  15 killer bees
  A water moccasin skeleton (D:4)
  16 wights
  3 howler monkeys
  A quasit (D:5)
  9 crimson imps
  4 jellies
  9 hounds
  10 orc priests
  6 centaur zombies
  16 orc wizards
  4 bullfrog skeletons
  8 iguanas
  9 worker ants
  6 hell rats (Lair:4)
  A killer bee zombie (D:9)
  A hound zombie (D:5)
  A hound skeleton (D:11)
  5 worker ant zombies
  6 gnolls
  15 adders
  2 shadow imps
  2 adder skeletons
  3 worms
  3 dart slugs
  5 leopard geckos
  62 orcs
  5 bats
  4 giant cockroaches
  A goblin (D:3)
  8 hobgoblins
  8 jackals
  7 quokkas
  2 ball pythons
  2 frilled lizards
  16 kobolds
  A leopard gecko zombie (D:5)
  A quokka zombie (D:5)
  5 rats
  A spectral orc (D:6)
  A bush (Lair:6)
  2 butterflies (Lair:6)
  4 fungi
  5 plants
  A withered plant (D:15)
762 creatures vanquished.

Vanquished Creatures (collateral kills)
  An ugly thing (D:12)
  A black mamba (Lair:6)
  Grum (D:8)
  An acid dragon (D:11)
  A warg (Lair:6)
  2 hell hounds (Lair:6)
  3 black bears (Lair:6)
  2 wolves (Lair:6)
  A jelly (D:8)
13 creatures vanquished.

Vanquished Creatures (others)
  4 hell hounds (Lair:6)
  A quokka (D:13)
  37 fungi
  14 plants
  2 withered plants (D:15)
58 creatures vanquished.

Grand Total: 833 creatures vanquished

Notes
Turn   | Place    | Note
-------+----------+-------------------------------------------
     0 | D:1      | glosham the Formicid Fire Elementalist began the quest for
                  | the Orb.
     0 | D:1      | Reached XP level 1. HP: 13/13 MP: 3/3
     3 | D:1      | You fall through a shaft!
     6 | D:2      | You fall through a shaft for 2 floors!
    21 | D:4      | Reached skill level 1 in Fighting
    38 | D:4      | You fall through a shaft for 2 floors!
    38 | D:6      | Found a staircase to the Ecumenical Temple.
    43 | Temple   | Entered the Ecumenical Temple
    74 | Temple   | Became a worshipper of Cheibriados the Contemplative
   107 | D:6      | Found Zexij's Antique Weapon Shoppe.
   124 | D:6      | Found Epnuposm's Jewellery Shoppe.
   138 | D:5      | Entered Level 5 of the Dungeon
   238 | D:4      | Reached XP level 2. HP: 21/21 MP: 1/5
   281 | D:4      | Reached skill level 1 in Conjurations
   371 | D:1      | Reached XP level 3. HP: 26/26 MP: 3/6
   380 | D:1      | Learned a level 3 spell: Conjure Flame
   528 | D:1      | Reached skill level 2 in Conjurations
  1283 | D:2      | Found a sacrificial altar of Ru.
  1506 | D:2      | Reached XP level 4. HP: 21/32 MP: 3/8
  1516 | D:2      | Learned a level 4 spell: Sticky Flame
  1639 | D:2      | Reached skill level 3 in Spellcasting
  1730 | D:2      | Reached * piety under Cheibriados
  1825 | D:2      | Found an iron altar of Okawaru.
  1935 | D:3      | Found a shattered altar of Ashenzari.
  1941 | D:3      | Reached XP level 5. HP: 35/37 MP: 5/9
  2017 | D:3      | Noticed Grinder
  2042 | D:3      | Killed Grinder
  2042 | D:3      | Reached skill level 3 in Conjurations
  2042 | D:3      | Reached skill level 4 in Fire Magic
  2042 | D:3      | Reached XP level 6. HP: 34/43 MP: 2/11
  2050 | D:3      | Reached skill level 4 in Spellcasting
  2150 | D:3      | Learned a level 5 spell: Fireball
  2231 | D:3      | Found a burning altar of Makhleb.
  2332 | D:3      | Reached ** piety under Cheibriados
  2500 | D:4      | Reached XP level 7. HP: 46/48 MP: 8/13
  2834 | D:4      | Found an ancient bone altar of Kikubaaqudgha.
  2852 | D:4      | Reached skill level 4 in Conjurations
  2997 | D:4      | Reached skill level 5 in Fire Magic
  3369 | D:5      | Found a radiant altar of Vehumet.
  3378 | D:5      | Reached XP level 8. HP: 54/54 MP: 8/15
  3441 | D:5      | Reached *** piety under Cheibriados
  3643 | D:5      | Reached skill level 5 in Spellcasting
  3643 | D:5      | Reached skill level 5 in Conjurations
  3643 | D:5      | Reached skill level 6 in Fire Magic
  3794 | D:5      | Reached skill level 7 in Spellcasting
  3794 | D:5      | Reached skill level 9 in Conjurations
  3794 | D:5      | Reached skill level 10 in Fire Magic
  3794 | D:5      | Reached XP level 9. HP: 59/59 MP: 15/20
  3873 | D:6      | Found Weisum's Assorted Antiques.
  3879 | D:6      | Bought a scroll labeled PADUSKEOLI for 31 gold pieces
  3879 | D:6      | Bought a scroll labeled ZUTUG VIRI for 31 gold pieces
  3954 | D:6      | Found Qyosof's Armour Boutique.
  4042 | D:6      | Reached skill level 1 in Invocations
  4096 | D:6      | Found a blossoming altar of Fedhas.
  4096 | D:6      | Found a sparkling altar of Nemelex Xobeh.
  4153 | D:6      | Reached skill level 2 in Invocations
  4216 | D:6      | Found a basalt altar of Yredelemnul.
  4302 | D:6      | Found Qoluraapt's Gadget Boutique.
  4475 | D:7      | Found Cagasug's Food Shoppe.
  4663 | D:7      | Reached **** piety under Cheibriados
  4663 | D:7      | Reached skill level 3 in Invocations
  4694 | D:7      | Found an ornate altar of the Wu Jian Council.
  4738 | D:7      | Noticed Menkaure
  4755 | D:7      | Killed Menkaure
  4830 | D:7      | Found an opulent altar of Gozag.
  4907 | D:7      | Reached skill level 4 in Invocations
  4951 | D:7      | Reached XP level 10. HP: 58/65 MP: 5/21
  4985 | D:7      | Noticed Harold
  5005 | D:7      | Reached skill level 5 in Invocations
  5151 | D:7      | Killed Harold
  5151 | D:7      | Reached skill level 7 in Invocations
  5183 | D:8      | Noticed Maurice
  5264 | D:8      | Noticed Psyche
  5265 | D:8      | Noticed Grum
  5266 | D:8      | Killed Psyche
  5266 | D:8      | Reached skill level 8 in Invocations
  5273 | D:8      | Killed Grum
  5439 | D:8      | Killed Maurice
  5439 | D:8      | Reached skill level 9 in Invocations
  5611 | D:8      | Noticed a two-headed ogre
  5615 | D:8      | Killed a two-headed ogre
  5615 | D:8      | Reached skill level 10 in Invocations
  5615 | D:8      | Reached XP level 11. HP: 55/70 MP: 4/22
  5687 | D:8      | Found Tiaruaso's Gadget Shoppe.
  5731 | D:8      | Reached skill level 2 in Dodging
  5868 | D:8      | Reached ***** piety under Cheibriados
  5932 | D:8      | Found a deep blue altar of Sif Muna.
  6028 | D:9      | Reached skill level 3 in Dodging
  6134 | D:9      | Reached skill level 4 in Dodging
  6238 | D:9      | Found a staircase to the Lair.
  6305 | D:9      | Noticed a deep elf mage
  6392 | D:9      | Reached skill level 5 in Dodging
  6423 | D:9      | Reached skill level 6 in Dodging
  6454 | D:9      | Found a hazy altar of Hepliaklqana.
  6454 | D:9      | Found a glowing silver altar of Zin.
  6625 | D:9      | Found a staircase to the Orcish Mines.
  6716 | D:9      | Reached skill level 2 in Fighting
  6864 | D:9      | Killed a deep elf mage
  6864 | D:9      | Reached skill level 3 in Fighting
  6923 | D:9      | Reached skill level 7 in Dodging
  7007 | Orc:1    | Entered Level 1 of the Orcish Mines
  7007 | Orc:1    | Noticed a two-headed ogre
  7012 | Orc:1    | Killed a two-headed ogre
  7012 | Orc:1    | Reached XP level 12. HP: 71/83 MP: 3/23
  7014 | Orc:1    | Reached skill level 4 in Fighting
  7202 | Orc:1    | Found Ryesedgh's Armour Boutique.
  7246 | Orc:1    | Noticed Erica
  7257 | Orc:1    | Killed Erica
  7257 | Orc:1    | Reached skill level 5 in Fighting
  7472 | D:6      | Bought a +0 pair of gloves for 54 gold pieces
  7472 | D:6      | Bought a +2 robe of the Archmagi for 452 gold pieces
  7491 | D:6      | You fall through a shaft for 2 floors!
  7535 | Lair:1   | Entered Level 1 of the Lair of Beasts
  7596 | Lair:1   | Noticed a six-headed hydra
  7603 | Lair:1   | Killed a six-headed hydra
  7603 | Lair:1   | Reached skill level 8 in Dodging
  7695 | Lair:1   | Reached skill level 6 in Fighting
  7747 | Lair:1   | Found a dark tunnel.
  7774 | Lair:1   | Learned a level 1 spell: Shock
  7794 | Volcano  | Entered a volcano
  7827 | Volcano  | Noticed a fire crab
  7849 | Volcano  | Noticed a hell hog
  7857 | Volcano  | Killed a hell hog
  7904 | Volcano  | Killed a fire crab
  7904 | Volcano  | Reached skill level 7 in Fighting
  8464 | Lair:1   | Reached skill level 1 in Evocations
  8607 | Lair:2   | Reached skill level 3 in Stealth
  8607 | Lair:2   | Reached XP level 13. HP: 96/96 MP: 17/24
  8644 | Lair:2   | Noticed a five-headed hydra
  8651 | Lair:2   | Killed a five-headed hydra
  8651 | Lair:2   | Reached skill level 9 in Dodging
  8714 | Lair:2   | Found a frozen archway.
  8714 | Lair:2   | Noticed an eight-headed hydra
  8727 | Lair:2   | Reached skill level 8 in Spellcasting
  8857 | Lair:2   | Killed an eight-headed hydra
  8871 | Lair:2   | Reached skill level 2 in Evocations
  8872 | Lair:2   | You fall through a shaft for 2 floors!
  8875 | Lair:4   | You fall through a shaft for 2 floors!
  8875 | Lair:6   | Entered Level 6 of the Lair of Beasts
  9003 | Lair:3   | HP: 9/97 [spiny frog (20)]
  9028 | Lair:2   | Noticed a seven-headed hydra
  9032 | Lair:2   | Killed a seven-headed hydra
  9032 | Lair:2   | Reached skill level 4 in Stealth
  9122 | Lair:2   | Identified the +6 chain mail of the Echidna {rCorr} (You
                  | found it on level 2 of the Lair of Beasts)
  9497 | Lair:3   | Reached skill level 1 in Shields
  9501 | Lair:3   | Reached ****** piety under Cheibriados
  9501 | Lair:3   | Reached skill level 2 in Shields
  9630 | Lair:3   | Found a staircase to the Shoals.
  9632 | Lair:3   | Reached skill level 3 in Shields
  9857 | D:6      | Bought an uncursed amulet of magic regeneration for 420
                  | gold pieces
  9861 | D:6      | You fall through a shaft for 3 floors!
  9872 | Lair:1   | You fall through a shaft!
  9893 | Lair:4   | Found a staircase to the Snake Pit.
  9897 | Lair:4   | Reached skill level 4 in Shields
  9970 | Lair:4   | Reached skill level 5 in Shields
 10042 | Lair:4   | Noticed a seven-headed hydra
 10044 | Lair:4   | Killed a seven-headed hydra
 10093 | Lair:4   | Noticed a five-headed hydra
 10095 | Lair:4   | Killed a five-headed hydra
 10095 | Lair:4   | Reached skill level 6 in Shields
 10198 | Lair:4   | Noticed a six-headed hydra
 10201 | Lair:4   | Killed a six-headed hydra
 10201 | Lair:4   | Reached XP level 14. HP: 104/104 MP: 11/26
 10205 | Lair:4   | Reached skill level 7 in Shields
 10395 | Lair:4   | Noticed Urug
 10399 | Lair:4   | Killed Urug
 10528 | Lair:5   | Reached skill level 8 in Shields
 10563 | Lair:5   | Identified the +8 flail of Peril {antimagic, rPois} (You
                  | found it on level 5 of the Lair of Beasts)
 10622 | Lair:5   | Found a runed translucent door.
 10636 | Lair:5   | Identified the Guide on Summoning and Hexes
 10666 | Lair:5   | Reached skill level 9 in Shields
 10667 | Lair:5   | Noticed Kirke
 10842 | Lair:5   | Found a viscous altar of Jiyva.
 10843 | Lair:5   | Found a staircase to the Slime Pits.
 10848 | Lair:5   | You fall through a shaft!
 10930 | Lair:5   | Reached skill level 11 in Fire Magic
 10939 | Lair:5   | Reached skill level 9 in Spellcasting
 10939 | Lair:5   | Reached skill level 10 in Conjurations
 11022 | Lair:5   | Killed Kirke
 11305 | Lair:6   | Reached skill level 10 in Spellcasting
 11669 | Lair:6   | Reached skill level 11 in Spellcasting
 11739 | Lair:6   | Identified the Almanac of Ghastly Enchantment
 11770 | Lair:6   | Reached XP level 15. HP: 79/110 MP: 24/30
 11899 | Lair:6   | Learned a level 2 spell: Sublimation of Blood
 11972 | Lair:6   | Reached skill level 1 in Necromancy
 12103 | Lair:6   | Reached skill level 2 in Necromancy
 12204 | Lair:6   | Reached skill level 3 in Necromancy
 12213 | Lair:6   | Learned a level 1 spell: Apportation
 12218 | Lair:6   | Learned a level 4 spell: Animate Dead
 12315 | Lair:6   | Reached skill level 4 in Necromancy
 12418 | Lair:6   | Reached skill level 5 in Necromancy
 12770 | D:6      | Bought a steel ring for 155 gold pieces
 12786 | D:6      | Bought an encrusted morningstar for 225 gold pieces
 12786 | D:6      | Identified the +3 morningstar of the Valley {drain, Str+5
                  | Stlth+} (You bought it in a shop on level 6 of the Dungeon)
 12792 | D:6      | You fall through a shaft for 3 floors!
 12814 | D:10     | Entered Level 10 of the Dungeon
 12820 | D:10     | Reached skill level 6 in Necromancy
 12849 | D:10     | Found a runed translucent door.
 12849 | D:10     | Noticed Kairos's ghost (journeyman VSFi)
 13085 | D:10     | Killed Kairos's ghost
 13299 | D:11     | Noticed theswoord's ghost (journeyman NaBe)
 13309 | D:11     | Found a runed translucent gate.
 13309 | D:11     | Found a runed translucent gate.
 13310 | D:11     | Found a runed translucent gate.
 13318 | D:11     | Reached skill level 7 in Necromancy
 13440 | D:11     | Reached skill level 12 in Spellcasting
 14013 | D:11     | Killed theswoord's ghost
 14013 | D:11     | Reached skill level 13 in Spellcasting
 14079 | D:10     | You fall through a shaft!
 14082 | D:12     | Found Webouwn's Magic Scroll Emporium.
 14334 | D:12     | Found Liniarem's Food Emporium.
 14382 | D:12     | Found Obokleor's Gadget Shop.
 14493 | D:12     | Noticed Jorgrun
 14497 | D:12     | Killed Jorgrun
 14497 | D:12     | Reached skill level 1 in Translocations
 14497 | D:12     | Reached XP level 16. HP: 116/116 MP: 13/33
 14501 | D:12     | You fall through a shaft for 2 floors!
 14507 | D:14     | Reached skill level 2 in Translocations
 14570 | D:14     | Found an opulent altar of Gozag.
 14578 | D:15     | Entered Level 15 of the Dungeon
 14663 | D:14     | Reached skill level 14 in Spellcasting
 14857 | D:14     | Identified the cursed +0 buckler of Luykkito {rPois} (You
                  | found it on level 14 of the Dungeon)
 15389 | D:13     | Reached skill level 15 in Spellcasting
 15530 | D:12     | Found Teaz's Armour Shop.
 15609 | D:12     | Found Nixorgh's Antique Armour Shoppe.
 15690 | D:13     | You fall through a shaft for 2 floors!
 15852 | D:13     | Found a white marble altar of Elyvilon.
 16070 | D:13     | Reached skill level 16 in Spellcasting
 16302 | D:13     | You fall through a shaft for 2 floors!
 16307 | D:15     | Reached XP level 17. HP: 122/122 MP: 22/37
 16356 | D:15     | Reached skill level 10 in Shields
 16657 | D:15     | Found Otiat's Weapon Shop.
 16866 | D:15     | Reached skill level 11 in Shields
 16895 | D:15     | Found a staircase to the Depths.
 17026 | D:13     | Found a gate to the Vaults.
 17050 | D:13     | Learned a level 3 spell: Mephitic Cloud
 17267 | Orc:2    | Entered Level 2 of the Orcish Mines
 17304 | Orc:2    | Hit by a large rock thrown by a stone giant

Skill      XL: |  1  2  3  4  5  6  7  8  9 10 11 12 13 14 15 16 17 |
---------------+----------------------------------------------------+-----
Fighting       | 1 3 7 |  7.7
Conjurations   | 1 2 3 4 9 10 | 10.1
Spellcasting   | 3 4 7 8 11 13 16 | 16.0
Fire Magic     | 4 5 10 11 | 11.2
Invocations    | 4 10 | 10.9
Dodging        | 7 8 9 |  9.2
Evocations     | 1 2 |  2.8
Stealth        | 3 4 |  4.3
Shields        | 6 9 11 | 11.6
Necromancy     | 7 |  7.0
Translocations | 1 2 |  2.8

Action                   |  1- 3 |  4- 6 |  7- 9 | 10-12 | 13-15 | 16-18 || total
-------------------------+-------+-------+-------+-------+-------+-------++-------
Melee: Unarmed           |     1 |       |       |       |       |       ||     1
       Dagger            |    75 |       |       |       |       |       ||    75
       Mace              |     5 |    10 |       |       |       |       ||    15
       Short sword       |       |     9 |    56 |    17 |       |       ||    82
       Dire flail        |       |       |       |    69 |       |       ||    69
       Hand axe          |       |       |       |    27 |   100 |       ||   127
       Scimitar          |       |       |       |    23 |    44 |       ||    67
       Morningstar       |       |       |       |       |    82 |    87 ||   169
 Fire: Arbalest          |       |       |       |       |     5 |       ||     5
Throw: Stone             |       |     1 |       |       |       |       ||     1
       Javelin           |       |       |     8 |       |       |       ||     8
 Cast: Flame Tongue      |    59 |    49 |    90 |    51 |    49 |     6 ||   304
       Sticky Flame      |       |     4 |    24 |    54 |   137 |    44 ||   263
       Conjure Flame     |       |       |     5 |    20 |    44 |    22 ||    91
       Fireball          |       |       |     3 |    26 |   153 |   147 ||   329
       Shock             |       |       |       |    22 |    49 |    35 ||   106
       Apportation       |       |       |       |       |    17 |    23 ||    40
       Animate Dead      |       |       |       |       |     3 |       ||     3
       Sublimation of Bl |       |       |       |       |     1 |    46 ||    47
Invok: Slouch            |       |       |       |     5 |    14 |     9 ||    28
       Step From Time    |       |       |       |       |     1 |       ||     1
       Temporal Distorti |       |       |       |       |     1 |       ||     1
 Abil: Shaft Self        |     3 |       |       |     1 |     5 |     1 ||    10
       Dig               |     1 |       |     7 |    15 |    44 |    14 ||    81
Evoke: Wand              |       |     1 |     6 |    65 |    36 |     8 ||   116
       Lightning rod     |       |       |       |       |    11 |       ||    11
       Sack of spiders   |       |       |       |       |     2 |     1 ||     3
       Phial of floods   |       |       |       |       |     1 |     1 ||     2
       Box of beasts     |       |       |       |       |       |     1 ||     1
  Use: Scroll            |     8 |     2 |    12 |     8 |    14 |     3 ||    47
       Potion            |       |     2 |     1 |     1 |     6 |     2 ||    12
 Stab: Sleeping          |       |     2 |       |     1 |       |       ||     3
  Eat: Chunk             |     5 |     3 |     9 |    16 |    22 |     8 ||    63
       Ration            |       |       |       |     1 |     1 |       ||     2
Armor: Robe              |     2 |     6 |    19 |    40 |    27 |     5 ||    99
       Skin              |       |     2 |       |       |       |     1 ||     3
       Troll leather arm |       |       |       |     1 |     4 |     3 ||     8
Dodge: Dodged            |    14 |    32 |    42 |   192 |   250 |    96 ||   626
Block: Shield            |       |       |       |       |   206 |   123 ||   329
       Large shield      |       |       |       |       |       |    30 ||    30
       Rpst.: Scimitar   |       |       |       |     8 |    19 |       ||    27

Table legend:
 A = Turns spent in this place as a percentage of turns spent in the entire game.
 B = Non-inter-level travel turns spent in this place as a percentage of non-inter-level travel turns spent in the entire game.
 C = Inter-level travel turns spent in this place as a percentage of turns spent in this place.
 D = Turns resting spent in this place as a percentage of non-inter-level travel turns spent in this place.
 E = Turns spent auto-exploring this place as a percentage of non-inter-level travel turns spent in this place.
 F = Non-inter-level travel turns spent in this place divided by the number of levels of this place that you've seen.
                   A       B       C       D       E      F
               +-------+-------+-------+-------+-------+----------------------
         Total | 100.0 | 100.0 |   9.7 |   6.8 |   0.6 | 625.4
       Dungeon |  68.7 |  67.5 |  11.3 |   5.5 |   0.5 | 703.1
        Temple |   0.2 |   0.3 |   0.0 |   0.0 |   0.0 |  41.0
          Lair |  27.0 |  27.9 |   6.4 |   8.2 |   1.0 | 727.8
  Orcish Mines |   1.8 |   1.8 |   7.8 |   0.0 |   0.0 | 141.5
       Volcano |   2.3 |   2.5 |   0.0 |  29.8 |   0.0 | 396.0
               +-------+-------+-------+-------+-------+----------------------

Table legend:
 A = Kills in this place as a percentage of kills in entire the game.
 B = Kills by you in this place as a percentage of kills by you in the entire game.
 C = Kills by friends in this place as a percentage of kills by friends in the entire game.
 D = Other kills in this place as a percentage of other kills in the entire game.
 E = Experience gained in this place as a percentage of experience gained in the entire game.
 F = Experience gained in this place divided by the number of levels of this place that you have seen.
                   A       B       C       D       E      F
               +-------+-------+-------+-------+-------+----------------------
         Total | 100.0 | 100.0 | 100.0 | 100.0 | 100.0 | 6532.2
       Dungeon |  65.7 |  66.4 |  30.8 |   0.0 |  56.9 | 6190.4
          Lair |  28.2 |  27.3 |  69.2 | 100.0 |  37.6 | 10236.5
  Orcish Mines |   5.1 |   5.2 |   0.0 |   0.0 |   3.9 | 3203.5
       Volcano |   1.0 |   1.1 |   0.0 |   0.0 |   1.6 | 2623.0
               +-------+-------+-------+-------+-------+----------------------

Levels and vault maps discovered:
D:1:      kilobyte_arrival_exit_the_forest, layout_loops_ring
D:2:      layout_basic, okawaru_trees_2, marbit_many_paths
D:3:      layout_basic, lemuel_crystal_altar, evilmike_ruin_ashenzari,
          minivault_26, uniq_grinder
D:4:      layout_basic, kiku_gazebo_garden_becter, first_ration
D:5:      layout_loops_corners, vehumet_altar_wand_db, minmay_misc_feat_enclosed
D:6:      layout_loops_ring, yredelemnul_forgotten_temple_becter,
          gammafunk_temple_overflow_pools, minmay_temple_entry_junction,
          serial_shops, shop, shop, kennysheep_mini_moat, shop, shop,
          st_stairs_2
D:7:      layout_cave_pods, kennysheep_mini, nicolae_overflow_hidden_temple,
          serial_shops, shop, uniq_harold, uniq_menkaure
D:8:      layout_cave_pools, serial_shops, shop, blue_anna_alchemist
          [blue_anna_fruit_fields, blue_anna_fruit_fields], led_sif_pool,
          uniq_psyche, uniq_maurice, uniq_grum
D:9:      layout_roguey, gammafunk_temple_overflow_elements,
          due_lair_maze_entry_diamond, david_orc_1_choice
D:10:     layout_cross, hellmonk_ghost_happy_afterlife, serial_column_ruins,
          column_ruins_open_tiny, column_ruins_open_small,
          column_ruins_open_small, column_ruins_grid_1, column_ruins_open_small,
          column_ruins_columns_straight
D:11:     layout_basic, gammafunk_ghost_split, minivault_28
D:12:     layout_stronghold, serial_shops, shop, nicolae_shop_stone,
          nicolae_shop_statue_plus, nicolae_shop_behind_doors, shop,
          statue_in_the_mist_lemuel, kennysheep_small_square, uniq_jorgrun
D:13:     minmay_stone_box, layout_cave_pools,
          lightli_vaults_fourway_checkpoint, elyvilon_altar_4
D:14:     layout_cave_pools, basic_altar, kennysheep_kite_vault
D:15:     gammafunk_depths_entry_grave, layout_irregular_city, serial_shops,
          nicolae_shop_stone
Temple:   dpeg_three_leaves_temple
Lair:1:   layout_misc_corridors, enter_volcano_3,
          chequers_serial_rivers_small_b, grunt_megastairs_5
Lair:2:   layout_big_grid, portal_ice_cave_entry_pillars_1,
          infiniplex_staircase_pool, serial_bayou_shore_b
Lair:3:   layout_misc_corridors, elwin_shoals_entry_rooms
Lair:4:   layout_cave_pods, minmay_snake_entry_spellcaster, uniq_urug
Lair:5:   layout_misc_corridors, slime_altar_1, st_stairs_11, pf_torpor_hydra,
          minmay_lair_oklob_chamber, uniq_kirke
Lair:6:   hangedman_lair_caniforms_friends, layout_misc_corridors,
          guppyfry_lair_end_dragon, small_statue_intersection,
          lemuel_fruit_fields
Orc:1:    layout_caves, serial_shops, shop, uniq_erica
Orc:2:    grunt_orc_gardens, layout_caves, grunt_orc_garden, grunt_orc_garden,
          grunt_orc_garden, grunt_orc_garden
Volcano:  volcano_pools
